 Dungeon Crawl Stone Soup version 0.29.1-15-g9cfb28693d (webtiles) character file.

Game seed: 9135543026635460973

75 protoss039 the Digger (level 4, 0/33 HPs)
             Began as a Demonspawn Earth Elementalist on Mar 2, 2023.
             Killed by divine providence
             ... invoked by an orc priest
              (16 damage)
             ... on level 3 of the Dungeon.
             The game lasted 00:02:47 (2431 turns).

protoss039 the Digger (DsEE)                        Turns: 2431, Time: 00:02:48

Health: 0/33       AC:  4    Str:  8    XL:     4   Next: 11%
Magic:  4/8        EV: 11    Int: 18    God:
Gold:   79         SH:  4    Dex: 14    Spells: 2/8 levels left

rFire   . . .      SeeInvis .   h - +0 dagger
rCold   . . .      Faith    .   (no shield)
rNeg    . . .      Spirit   .   j - +0 leather armour
rPois   .          Reflect  .   (no helmet)
rElec   .          Harm     .   (no cloak)
rCorr   .          Rampage  .   g - +0 pair of gloves
Will    .....                   (no boots)
Stlth   ++........              (no amulet)
HPRegen 0.11/turn               (no ring)
MPRegen 0.11/turn               (no ring)

@: very slightly contaminated
A: large bone plates 1, ignite blood 1, powered by death 1
a: no special abilities


You were on level 3 of the Dungeon.
You visited 1 branch of the dungeon, and saw 3 of its levels.

You collected 79 gold pieces.

Inventory:

Hand Weapons
 h - a +0 dagger (weapon)
Armour
 g - a +0 pair of gloves (worn)
 j - a +0 leather armour (worn)
Scrolls
 c - a scroll of butterflies {unknown}
 e - a scroll of identify {unknown}
 i - 3 scrolls of teleportation
 m - a scroll of vulnerability {unknown}
 n - a scroll of magic mapping {unknown}
Potions
 a - 2 potions of haste {unknown}
 b - 2 potions of magic
 d - 2 potions of curing {unknown}
 f - 2 potions of heal wounds {unknown}
 k - 2 potions of mutation {unknown}
 l - a potion of attraction {unknown}


   Skills:
 + Level 1.7 Fighting
 + Level 0.4 Armour
 - Level 1.7 Dodging
 - Level 1.7 Stealth
 + Level 2.7 Spellcasting
 + Level 0.6 Conjurations
 - Level 0.8 Transmutations
 + Level 3.3 Earth Magic


You had 2 spell levels left.
You knew the following spells:

 Your Spells              Type           Power      Damage    Failure   Level
a - Sandblast             Erth           28%        2d8       6%          1
b - Passwall              Tmut/Erth      8%         N/A       16%         2
c - Stone Arrow           Conj/Erth      18%        3d8       30%         3

Your spell library contained the following spells:

 Spells                   Type           Power      Damage    Failure   Level
 Ozocubu's Armour         Ice            2%         N/A       56%         3
 Petrify                  Tmut/Erth      10%        N/A       69%         4
 Metabolic Englaciation   Hex/Ice        1%         N/A       100%        5
 Simulacrum               Ice/Necr       1%         N/A       100%        6


Dungeon Overview and Level Annotations

Branches:
Dungeon (3/15) Zot: 15536

Altars:
Kikubaaqudgha


Innate Abilities, Weirdness & Mutations

You are partially covered in large bone plates. (SH +4)
Your demonic aura sometimes causes spilled blood to erupt in flames.
You regenerate a little health from kills.


Message History

Press: ? - help, Shift-Dir - straight line, f - orc priest
Aim: an orc priest, wielding a +0 club and wearing a +0 chain mail (wandering, hasn't noticed you, 87% to hit)
You miscast Sandblast.
You are very lightly contaminated with residual magic.
Nothing appears to happen.
The kobold shouts!
The orc priest shouts!
Unknown command.
Casting: Sandblast (safe; 6% risk of failure)
Confirm with . or Enter, or press ? or * to list all spells.
Aiming: Sandblast (safe; 6% risk of failure)
Press: ? - help, Shift-Dir - straight line, f/p - orc priest
Aim: an orc priest, wielding a +0 club and wearing a +0 chain mail (87% to hit)
The blast of sand hits the orc priest but does no damage.
The orc priest looks braver for a moment.
The kobold throws a stone.
The stone barely misses you.
A gnoll comes into view. It is wielding a +0 spear.
Casting: Sandblast (safe; 6% risk of failure)
Confirm with . or Enter, or press ? or * to list all spells.
Aiming: Sandblast (safe; 6% risk of failure)
Press: ? - help, Shift-Dir - straight line, f/p - orc priest
Aim: an orc priest, wielding a +0 club and wearing a +0 chain mail (87% to hit)
The blast of sand hits the orc priest but does no damage.
The gnoll shouts! x2
The orc priest calls down the wrath of Beogh upon you.
Beogh smites you!
The gnoll bouda barks out a call to the hunt!
The gnolls pick up the pace!
You hear a shout!
Unknown command.
Casting: Sandblast (safe; 6% risk of failure)
Confirm with . or Enter, or press ? or * to list all spells.
Aiming: Sandblast (safe; 6% risk of failure)
Press: ? - help, Shift-Dir - straight line, f/p - orc priest
Aim: an orc priest, wielding a +0 club and wearing a +0 chain mail (87% to hit)
The blast of sand hits the orc priest but does no damage.
The kobold throws a stone.
The stone closely misses you. The orc priest hits you with a +0 club.
The orc priest invokes the aid of Beogh against you.
Beogh smites you!
You die...

.# ####..##.####
.#### ##........#
.##.#####..##)#####
.##...........##
.##.#....##.)..#
.#....###...##.#
....###...####.###
..#.....### #...#
......### ###@#
..###(.# #o..#
......... .......
#.####.###
....K....g #.# .#
.###...gg.. #.#
.##⌠##...g.. .#
.##...##..... #.#
.##..?..##.... #.#


You could see a gnoll bouda, an orc priest, 3 gnolls and a kobold.

Vanquished Creatures
  A gnoll (D:3)
  2 adders
  A dart slug (D:3)
  4 orcs (D:3)
  3 ball pythons
  5 bats
  3 endoplasms
  2 giant cockroaches
  6 hobgoblins
  2 frilled lizards
  4 goblins
  2 kobolds
  8 rats
43 creatures vanquished.

Notes
Turn   | Place    | Note
-------+----------+-------------------------------------------
     0 | D:1      | protoss039 the Demonspawn Earth Elementalist began the
                  | quest for the Orb.
     0 | D:1      | Reached XP level 1. HP: 13/13 MP: 3/3
   528 | D:1      | Gained mutation: You regenerate a little health from kills.
                  | [demonic ancestry]
   528 | D:1      | Reached XP level 2. HP: 19/20 MP: 0/5
   710 | D:1      | Found a faded altar of an unknown god.
   750 | D:1      | Reached skill level 1 in Fighting
   750 | D:1      | Reached skill level 3 in Earth Magic
  1178 | D:1      | Learned a level 2 spell: Passwall
  1201 | D:2      | Gained mutation: Your demonic aura sometimes causes spilled
                  | blood to erupt in flames. [demonic ancestry]
  1201 | D:2      | Reached XP level 3. HP: 26/26 MP: 3/6
  2012 | D:3      | Learned a level 3 spell: Stone Arrow
  2258 | D:3      | Found an ancient bone altar of Kikubaaqudgha.
  2354 | D:3      | Gained mutation: You are partially covered in large bone
                  | plates. (SH +4) [demonic ancestry]
  2354 | D:3      | Reached XP level 4. HP: 23/33 MP: 0/8
  2431 | D:3      | Killed from afar by an orc priest

Illustrated notes

Levels and vault maps discovered:
D:1:      heliophobic_arrival_ceremonial_halls, layout_basic,
          chequers_ecumenical_altar_twisty
D:2:      layout_basic
D:3:      layout_rooms, nicolae_kikubaaqudgha_miasma_corner,
          hellmonk_ghost_happy_afterlife

Skill      XL: |  1  2 |
---------------+-------+-----
Fighting       | 1 |  1.7
Earth Magic    | 3 |  3.3
Armour         | |  0.4
Dodging        | |  1.7
Stealth        | |  1.7
Spellcasting   | |  2.7
Conjurations   | |  0.6
Transmutations | |  0.8

Action                   |  1- 3 |  4- 6 || total
-------------------------+-------+-------++-------
Melee: Club              |    10 |       ||    10
       Unarmed           |     1 |       ||     1
       Dagger            |     1 |       ||     1
 Cast: Sandblast         |    58 |     3 ||    61
  Use: Scroll            |     1 |       ||     1
Armor: Robe              |     4 |       ||     4
Dodge: Dodged            |    21 |     2 ||    23
